 Dungeon Crawl Stone Soup version 0.30.1-1-g62c8e00024 (webtiles) character file.

Game seed: 3418953670155075291

23 spardeous the Ducker (level 2, 0/11 HPs)
             Began as a Felid Earth Elementalist on July 15, 2023.
             Slain by a river rat (4 damage)
             ... in a sewer.
             The game lasted 00:01:42 (704 turns).

spardeous the Ducker (Felid Earth Elementalist)      Turns: 704, Time: 00:01:43

Health: 0/11       AC:  1    Str:  4    XL:     2   Next: 75%
Magic:  6/6        EV: 18    Int: 16    God:
Gold:   82         SH:  0    Dex: 16    Spells: 4/5 levels left
                                        Lives:  0   Deaths: 0

rFire   . . .        (weapon unavailable)
rCold   . . .        (shield unavailable)
rNeg    . . .        (body armour unavailable)
rPois   .            (helmet unavailable)
rElec   .            (cloak unavailable)
rCorr   .            (gloves unavailable)
SInv    +            (boots unavailable)
Will    .....        (no amulet)
Stlth   ++           (no ring)
HPRegen 0.21/turn    (no ring)
MPRegen 0.10/turn

%: no passive effects
@: quick
A: very small, claws 1, fangs 3, see invisible, speed 1, shaggy fur 1, stealthy
paws, no weapons or thrown items, no armour, multi-lived
a: no special abilities


You were in a sewer.
You visited 1 branch of the dungeon, and saw 3 of its levels.
You also visited: Sewer.

You collected 82 gold pieces.

Inventory:

Scrolls
 b - a scroll of identify {unknown}
Potions
 a - a potion of magic
 c - 3 potions of curing {unknown}
 d - a potion of brilliance {unknown}


   Skills:
 + Level 3.7 Dodging
 - Level 2.6 Stealth
 - Level 2.0 Spellcasting
 - Level 1.1 Transmutations
 + Level 3.2 Earth Magic


You had 4 spell levels left.
You knew the following spells:

 Your Spells              Type           Power      Damage    Failure   Level
a - Sandblast             Erth           24%        2d8       5%          1

Your spell library contained the following spells:

 Spells                   Type           Power      Damage    Failure   Level
 Passwall                 Tmut/Erth      6%         N/A       13%         2
 Shock                    Conj/Air       4%         1d3       21%         1
 Stone Arrow              Conj/Erth      12%        3d7       32%         3
 Swiftness                Air            1%         N/A       52%         3
 Petrify                  Tmut/Erth      8%         N/A       63%         4
 Airstrike                Air            0%         2d(1-17)  90%         4


Dungeon Overview and Level Annotations

Branches:
Dungeon (3/15)              Sewer (1/1)

Altars:
Ru


Innate Abilities, Weirdness & Mutations

You have sharp claws.
You have razor-sharp teeth.
You have supernaturally acute eyesight. (SInv)
You cover ground quickly. (Speed+)
You are covered in fur. (AC +1)
Your paws help you pounce on unaware monsters.
You are incapable of wielding weapons or throwing items.
You cannot wear armour.
You gain extra lives every three experience levels.


Message History

The blast of sand hits the river rat but does no damage.
The river rat barely misses you. The rat bites you. The river rat bites you.
Casting: Sandblast (safe; 5% risk of failure)
Confirm with . or Enter, or press ? or * to list all spells.
Aiming: Sandblast (safe; 5% risk of failure)
Press: ? - help, Shift-Dir - straight line, f/p - river rat
Aim: a river rat (80% to hit)
The blast of sand hits the river rat but does no damage.
The rat misses you. The river rat bites you.
* * * LOW HITPOINT WARNING * * *
Casting: Sandblast (safe; 5% risk of failure)
Confirm with . or Enter, or press ? or * to list all spells.
You don't have enough magic to cast this spell.
Unknown command.
Casting: Sandblast (safe; 5% risk of failure)
Confirm with . or Enter, or press ? or * to list all spells.
You don't have enough magic to cast this spell.
Unknown command.
You enter the shallow water.
Moving in this stuff is going to be slow.
The rat closely misses you. The river rat attacks as you move away!
The river rat completely misses you. The rat barely misses you.
Casting: Sandblast (safe; 5% risk of failure)
Confirm with . or Enter, or press ? or * to list all spells.
You don't have enough magic to cast this spell.
Unknown command.
Magic courses through your body. The river rat completely misses you.
Casting: Sandblast (safe; 5% risk of failure)
Confirm with . or Enter, or press ? or * to list all spells.
Okay, then.
Casting: Sandblast (safe; 5% risk of failure)
Confirm with . or Enter, or press ? or * to list all spells.
Aiming: Sandblast (safe; 5% risk of failure)
Press: ? - help, Shift-Dir - straight line, f/p - river rat
Aim: a river rat (80% to hit)
The blast of sand hits the river rat.
The river rat is lightly wounded.
The river rat bites you.
You die...

~# ~## ~~.# .
.~~# .. #.~.#
.~.# ###~~~#
~.~†~#####r~.~~#
#~.~~~∩~rr@~#
###..~∩~†.###
#########


You could see 2 river rats and a rat.

Vanquished Creatures
  4 ball pythons
  An endoplasm (D:1)
  2 giant cockroaches (D:3)
  4 quokkas
  3 bats
  3 frilled lizards (D:1)
  A kobold (D:2)
  4 rats
22 creatures vanquished.

Notes
Turn   | Place    | Note
-------+----------+-------------------------------------------
     0 | D:1      | spardeous the Felid Earth Elementalist began the quest for
                  | the Orb.
     0 | D:1      | Reached XP level 1. HP: 7/7 MP: 4/4
   311 | D:1      | Reached XP level 2. HP: 11/11 MP: 4/6
   547 | D:3      | Found a sacrificial altar of Ru.
   618 | D:3      | Found a glowing drain.
   685 | Sewer    | Entered a sewer
   704 | Sewer    | Slain by a river rat

Illustrated notes

Levels and vault maps discovered:
D:1:      evilmike_arrival_fibonacci_small, layout_loops_ring, serial_forest,
          infiniplex_forest_fountain, infiniplex_forest_lined_2,
          infiniplex_forest_zigzag_1, infiniplex_forest_straight_2,
          infiniplex_forest_lined_3, infiniplex_forest_clump_diagonal,
          infiniplex_forest_lined_room_3, infiniplex_forest_corner_2
D:2:      layout_basic, serial_corexii_hall, corexii_hall_statues_t,
          corexii_hall_statues_i, uniq_jessica, uniq_sigmund
D:3:      layout_loops_cross, nicolae_overflow_crystal_walls,
          portal_sewer_entry_f
Sewer:    sewer_hellmonk_bad_rat

Skill      XL: |  1 |
---------------+----+-----
Dodging        | 3 |  3.7
Earth Magic    | 3 |  3.2
Stealth        | |  2.6
Spellcasting   | |  2.0
Transmutations | |  1.1

Action                     || total
---------------------------++-------
  Melee: Unarmed           ||     1
   Cast: Sandblast         ||    33
    Use: Potion            ||     1
 Armour: Skin              ||     2
  Dodge: Dodged            ||    14
